 Seeded DCSS version 0.30-a0-629-gd54f4be4f7 (webtiles) character file.

Game seed: 10617039283874685323 (custom seed)

28563 Juicyj the Impaler (level 13, 0/119 HPs)
             Began as a Minotaur Fighter on Jan 12, 2023.
             Slain by a two-headed ogre
             ... wielding a +0 giant club
              (12 damage)
             ... on level 13 of the Dungeon.
             The game lasted 00:23:51 (8929 turns).

Juicyj the Impaler (Minotaur Fighter)               Turns: 8929, Time: 00:23:51

Health: 0/119      AC: 11    Str: 28    XL:     13   Next: 10%
Magic:  12/12      EV: 10    Int:  3    God:
Gold:   726        SH:  7    Dex: 14    Spells: 12/12 levels left

rFire   . . .      SeeInvis .    r - +8 demon trident "Rift" {distort, reach+}
rCold   . . .      Faith    .    c - +0 buckler
rNeg    . . .      Spirit   .    b - +0 scale mail
rPois   +          Reflect  .    (helmet restricted)
rElec   .          Harm     .    v - scarf {repulsion}
rCorr   .          Rampage  .    (no gloves)
Will    .....                    (no boots) Stlth
                                 F - amulet of regeneration
HPRegen 1.19/turn                k - ring of poison resistance
MPRegen 0.13/turn                m - +6 ring of strength

@: repel missiles
A: horns 2, retaliatory headbutt, iridescent scales 1, dopey 1
a: no special abilities


You were on level 13 of the Dungeon.
You visited 2 branches of the dungeon, and saw 14 of its levels.

You collected 726 gold pieces.

Inventory:

Hand Weapons
 a - a +0 trident of draining
 p - the +5 hammer "Suyxkin" {flame, Dex+4}
   (You found it on level 2 of the Dungeon)

   Dex:       It affects your dexterity (+4).
 r - the +8 demon trident "Rift" (weapon) {distort, reach+}
   (You acquired it on level 4 of the Dungeon)

   It can reach especially far, and its reaching attacks ignore other creatures
   in the way.
Armour
 b - a +0 scale mail (worn)
 c - a +0 buckler (worn)
 v - a scarf of repulsion (worn)
Jewellery
 k - a ring of poison resistance (left hand)
 m - a +6 ring of strength (right hand)
 y - the amulet of Veijar {Reflect rF+ rN+ Str+3 SH+5}
   (You acquired it on level 4 of the Dungeon)

   [amulet of reflection]

   It reflects blocked missile attacks.
   Str:       It affects your strength (+3).
   rF:        It protects you from fire.
   rN:        It protects you from negative energy.
   SH:        It affects your SH (+5).
 D - a ring of willpower
 F - an amulet of regeneration (around neck)
 G - a +6 ring of dexterity
 J - a +5 ring of evasion
 K - a ring of ice
 L - an amulet of faith
Wands
 i - a wand of digging (9)
 o - a wand of iceblast (9)
 u - a wand of flame (19)
 w - a wand of mindburst (11)
 z - a wand of charming (3)
Scrolls
 f - 3 scrolls of fear
 g - 4 scrolls of teleportation
 j - 3 scrolls of blinking
 q - a scroll of enchant armour
 s - 3 scrolls of vulnerability
 B - a scroll of magic mapping
 I - a scroll of poison
Potions
 d - 4 potions of might
 e - 2 potions of resistance
 h - 5 potions of flight
 l - a potion of curing
 n - 4 potions of heal wounds
 t - 2 potions of attraction
 x - 3 potions of berserk rage
 C - 2 potions of lignification
 E - a potion of ambrosia
 H - 2 potions of cancellation
 N - a potion of invisibility
 O - a potion of magic
Miscellaneous
 M - a lightning rod (4/4)


   Skills:
 + Level 12.7 Fighting
 - Level 3.7 Maces & Flails
 * Level 16.3 Polearms
 + Level 12.5 Armour
 + Level 12.6 Shields


You had 12 spell levels left.
You didn't know any spells.
Your spell library contained the following spells:

 Spells                   Type           Power      Damage    Failure   Level
 Beastly Appendage        Tmut           0%         N/A       78%         1
 Foxfire                  Conj/Fire      0%         2x1d4     78%         1
 Shock                    Conj/Air       0%         1d3       78%         1
 Summon Small Mammal      Summ           0%         N/A       78%         1
 Cigotuvi's Dreadful Rot  Necr/Pois/Air  0%         N/A       89%         2
 Ensorcelled Hibernation  Hex/Ice        0%         N/A       89%         2
 Passwall                 Tmut/Erth      0%         N/A       89%         2
 Poisonous Vapours        Pois/Air       0%         N/A       89%         2
 Wereblood                Tmut           0%         N/A       89%         2
 Call Canine Familiar     Summ           0%         N/A       98%         3
 Mephitic Cloud           Conj/Pois/Air  0%         N/A       98%         3
 Ozocubu's Armour         Ice            0%         N/A       98%         3
 Spider Form              Tmut/Pois      0%         N/A       98%         3
 Summon Guardian Golem    Hex/Summ       0%         N/A       98%         3
 Swiftness                Air            0%         N/A       98%         3
 Anguish                  Hex/Necr       0%         N/A       100%        4
 Summon Ice Beast         Ice/Summ       0%         N/A       100%        4
 Fireball                 Conj/Fire      0%         3d3       100%        5
 Summon Mana Viper        Hex/Summ       0%         N/A       100%        5
 Starburst                Conj/Fire      0%         6d3       100%        6
 Monstrous Menagerie      Summ           0%         N/A       100%        7
 Ozocubu's Refrigeration  Ice            0%         4d7       100%        7
 Chain Lightning          Conj/Air       0%         N/A       100%        9


Dungeon Overview and Level Annotations

Branches:
Dungeon (13/15)            Temple (0/1) D:7            Lair (0/5) D:9
    Orc (1/2) D:11
 Vaults: D:13-14

Altars:
Qazlal
Zin

Shops:
D:8 [?**!


Innate Abilities, Weirdness & Mutations

You have a pair of horns on your head.
You reflexively headbutt those who attack you in melee.
You are partially covered in iridescent scales. (AC +2)
You are dopey. (Int -2)


Message History

You closely miss the ogre mage.
The ogre mage mumbles some strange words.
The ogre mage flickers and vanishes!
Deactivating autopickup; reactivate with Ctrl-A.
Something hits you!
Things that are here:
a +0 giant spiked club; a +0 dire flail You puncture something!
Space warps around something.
The two-headed ogre hits you but does no damage.
The two-headed ogre hits you with a +0 giant club!
You closely miss something. Something hits you!
An ogre comes into view. It is wielding a +0 giant club.
The kobold brigand throws a curare-tipped dart.
You block the curare-tipped dart.
You puncture something!
Space warps around something.
The two-headed ogre hits you with a +0 giant club!
* * * LOW HITPOINT WARNING * * *
The two-headed ogre closely misses you.
You puncture something!
Space warps horribly around something!
Your headbutt misses something.
The kobold brigand throws a curare-tipped dart.
You block the curare-tipped dart.
You puncture something!
Reactivating autopickup.
You feel a bit more experienced.
Things that are here:
a +2 halberd of protection; a +0 robe; an ogre corpse You puncture the two-headed ogre!
You headbutt the two-headed ogre!
The two-headed ogre is heavily wounded.
The two-headed ogre blinks!
A kobold brigand comes into view.
It is wielding a +0 short sword and quivering curare-tipped darts.
The kobold brigand shouts!
You puncture the ogre!
You headbutt the ogre, but do no damage.
The ogre is severely wounded.
The ogre blinks!
The two-headed ogre hits you with a +0 giant club!!
* * * LOW HITPOINT WARNING * * *
The two-headed ogre hits you with a +0 giant club!
You die...

#.#..#.# ##.#..#.##.
.........
#####.#..#.####
..............
..........
###O#..#.### ######
#.@OK).K...# #.....
#..##)#..#.##..#.....
#.# #.#..# #..... #.
.##..# #..... # ..
#..# #.....
#######..########....
#.........#.#...#.###
#......##.#.#.#.#.#..
#......##.........#<#


You could see a two-headed ogre, 2 kobold brigands and an ogre.

Vanquished Creatures
  3 ogre magi
  2 boulder beetles
  A centaur warrior (D:10)
  7 two-headed ogres
  3 skeletal warriors (D:12)
  A wizard (D:10)
  An ugly thing (D:10)
  2 manticores
  2 cyclopes
  A gargoyle (D:11)
  Maggie (D:7)
  An unseen horror (D:12)
  2 kobold demonologists (D:13)
  Grinder (D:6)
  5 trolls
  A slime creature (D:10)
  24 yaks
  A vampire (D:13)
  A wraith (D:10)
  A basilisk (D:12)
  7 vampire mosquitoes
  A steam dragon (D:7)
  A water moccasin (D:7)
  Duvessa (D:6)
  2 ice beasts
  A sky beast (D:7)
  6 orc warriors
  A swamp drake (D:11)
  A black bear (D:7)
  An ogre (D:13)
  A wolf (D:9)
  3 centaurs
  A phantom (D:5)
  9 kobold brigands
  A necrophage (D:5)
  6 bullfrogs
  2 gnoll sergeants
  A scorpion (D:5)
  Dowan (D:6)
  8 wights (D:7)
  8 killer bees
  An electric eel (D:9)
  10 howler monkeys
  10 hounds
  Crazy Yiuf (D:2)
  2 gnoll boudas
  6 orc priests
  A jelly (D:5)
  4 iguanas
  17 orc wizards
  20 gnolls
  9 adders
  4 white imps
  An ufetubus (D:5)
  A worm (D:2)
  A dart slug (D:4)
  38 orcs
  10 ball pythons
  3 endoplasms
  6 giant cockroaches
  9 goblins
  4 hobgoblins
  7 jackals
  2 quokkas (D:2)
  4 bats
  2 frilled lizards (D:1)
  28 kobolds
  6 rats
331 creatures vanquished.

Notes
Turn   | Place    | Note
-------+----------+-------------------------------------------
     0 | D:1      | Juicyj the Minotaur Fighter began the quest for the Orb.
     0 | D:1      | Reached XP level 1. HP: 19/19 MP: 0/0
   106 | D:1      | Reached XP level 2. HP: 20/27 MP: 1/1
   389 | D:1      | Reached skill level 3 in Polearms
   475 | D:1      | Reached XP level 3. HP: 33/33 MP: 2/2
   906 | D:2      | Found a runed translucent door.
   906 | D:2      | Identified the +5 hammer "Suyxkin" {flame, Dex+4}
   909 | D:2      | Noticed Crazy Yiuf
   917 | D:2      | Killed Crazy Yiuf
   918 | D:2      | Reached skill level 1 in Maces & Flails
   918 | D:2      | Reached XP level 4. HP: 7/41 MP: 3/3
  1229 | D:2      | Reached XP level 5. HP: 44/47 MP: 4/4
  2030 | D:4      | Reached skill level 5 in Fighting
  2343 | D:4      | Reached XP level 6. HP: 52/56 MP: 5/5
  2346 | D:4      | Reached skill level 5 in Armour
  2346 | D:4      | Reached skill level 5 in Shields
  2477 | D:4      | Identified 2 scrolls of acquirement
  2477 | D:4      | Acquired the amulet of Veijar {Reflect rF+ rN+ Str+3 SH+5}
  2484 | D:4      | Acquired the +8 demon trident "Rift" {distort, reach+}
  2484 | D:4      | Found the +8 demon trident "Rift" {distort, reach+}
  2490 | D:5      | Entered Level 5 of the Dungeon
  2704 | D:5      | Reached skill level 4 in Polearms
  2750 | D:5      | Noticed an orc warrior
  2761 | D:5      | Reached XP level 7. HP: 55/61 MP: 6/6
  2989 | D:5      | Reached skill level 5 in Polearms
  3136 | D:5      | Reached skill level 6 in Polearms
  3136 | D:5      | Reached XP level 8. HP: 71/71 MP: 7/7
  3335 | D:6      | Gained mutation: You are dopey. (Int -2) [potion of
                  | mutation]
  3335 | D:6      | Gained mutation: You are partially covered in iridescent
                  | scales. (AC +2) [potion of mutation]
  3421 | D:6      | Noticed Duvessa
  3421 | D:6      | Noticed Dowan
  3427 | D:6      | Killed Dowan
  3430 | D:6      | Killed Duvessa
  3431 | D:6      | Reached skill level 7 in Polearms
  3790 | D:6      | Noticed Grinder
  3797 | D:6      | Killed Grinder
  3798 | D:6      | Reached skill level 8 in Polearms
  4000 | D:7      | Reached XP level 9. HP: 79/79 MP: 8/8
  4105 | D:7      | Noticed Maggie
  4114 | D:7      | Killed Maggie
  4179 | D:7      | Reached skill level 9 in Polearms
  4397 | D:7      | Found a glowing silver altar of Zin.
  4483 | D:7      | Reached skill level 10 in Polearms
  4824 | D:7      | Found a staircase to the Ecumenical Temple.
  4870 | D:7      | Found a stormy altar of Qazlal.
  5196 | D:8      | Found Nattux's Magic Scroll Shoppe.
  5241 | D:8      | Reached XP level 10. HP: 90/90 MP: 9/9
  5264 | D:8      | Found Nofuus's General Store.
  5408 | D:8      | Found Tur Zial's Armour Shop.
  5508 | D:8      | Noticed a two-headed ogre
  5516 | D:8      | Killed a two-headed ogre
  5517 | D:8      | Reached skill level 11 in Polearms
  5534 | D:8      | Found Xanenim's Distillery.
  5608 | D:8      | Found Cepnuwum's General Store.
  5658 | D:9      | Noticed a two-headed ogre
  5664 | D:9      | Killed a two-headed ogre
  5678 | D:9      | Reached skill level 12 in Polearms
  5753 | D:9      | Reached skill level 10 in Fighting
  5804 | D:9      | Found a staircase to the Lair.
  5903 | D:9      | Reached XP level 11. HP: 99/99 MP: 10/10
  5964 | D:9      | Found a shimmering altar of Xom.
  5964 | D:9      | Found a shimmering altar of Xom.
  5965 | D:9      | Found a shimmering altar of Xom.
  5967 | D:9      | Found a shimmering altar of Xom.
  5967 | D:9      | Found a shimmering altar of Xom.
  5968 | D:9      | Found a shimmering altar of Xom.
  6196 | D:9      | Reached skill level 10 in Armour
  6196 | D:9      | Reached skill level 10 in Shields
  6296 | D:9      | Found a shimmering altar of Xom.
  6393 | D:10     | Entered Level 10 of the Dungeon
  6399 | D:10     | Noticed a two-headed ogre
  6401 | D:10     | Noticed a two-headed ogre
  6407 | D:10     | Banished a two-headed ogre
  6410 | D:10     | Killed a two-headed ogre
  6411 | D:10     | Reached skill level 13 in Polearms
  6411 | D:10     | Noticed an ogre mage
  6412 | D:10     | Noticed a two-headed ogre
  6413 | D:10     | Killed an ogre mage
  6421 | D:10     | Killed a two-headed ogre
  6854 | D:10     | Noticed a two-headed ogre
  6858 | D:10     | Killed a two-headed ogre
  6859 | D:10     | Reached skill level 14 in Polearms
  6976 | D:10     | Noticed a two-headed ogre
  6977 | D:10     | Banished a two-headed ogre
  7012 | D:10     | Noticed a wizard
  7018 | D:10     | Reached XP level 12. HP: 106/110 MP: 11/11
  7046 | D:10     | Noticed an ogre mage
  7046 | D:10     | Noticed a centaur warrior
  7052 | D:10     | Killed a centaur warrior
  7057 | D:10     | Identified the +3 shortbow of Agony {speed, MP-9 Str+7
                  | Int+3}
  7062 | D:10     | Killed an ogre mage
  7226 | D:10     | Got the Secrets of Familiar Vapour
  7545 | D:11     | Noticed a boulder beetle
  7554 | D:11     | Killed a boulder beetle
  7555 | D:11     | Reached skill level 15 in Polearms
  7855 | D:11     | Found a staircase to the Orcish Mines.
  7959 | Orc:1    | Entered Level 1 of the Orcish Mines
  8040 | D:12     | Noticed a two-headed ogre
  8043 | D:12     | Killed a two-headed ogre
  8309 | D:12     | Noticed a boulder beetle
  8327 | D:12     | Killed a boulder beetle
  8375 | D:12     | Noticed a boulder beetle
  8378 | D:12     | Banished a boulder beetle
  8379 | D:12     | Reached skill level 16 in Polearms
  8716 | D:13     | Reached XP level 13. HP: 119/119 MP: 12/12
  8929 | D:13     | Slain by a two-headed ogre

Illustrated notes

Levels and vault maps discovered:
D:1:      lightli_arrival_maybe_door_vault, layout_loops_cross
D:2:      minmay_diamond_boxcup, layout_basic, uniq_crazy_yiuf_cottage
D:3:      layout_rooms
D:4:      layout_loops_ring
D:5:      minmay_chambers_of_fours, layout_loops_ring
D:6:      layout_loops_cross, minivault_25, uniq_duvessa, uniq_grinder
D:7:      layout_basic, mainiacjoe_overflow_big_doors, temple_hall,
          minmay_quadrilaterals, uniq_maggie
D:8:      layout_rooms, serial_shops, nicolae_stop_n_shop_2,
          nicolae_lakefront_shop, shop, shop, nicolae_stop_n_shop_1
D:9:      layout_basic, xom_shifter_show, erik_lair_island
D:10:     minmay_the_grid_plus_closed [minmay_the_grid_spin_star,
          minmay_the_grid_holed_spiral, minmay_the_grid_square_x,
          minmay_the_grid_minigrid_medium,
          minmay_the_grid_prize_four_corners_diamond_a], layout_loops_ring
D:11:     layout_cave_pools, erik_orc_1
D:12:     layout_basic, minmay_misc_feat_ornament
D:13:     layout_basic, hangedman_vaults_entry_quadrant_bands, serial_curves,
          eino_curves_01, eino_curves_04
Orc:1:    layout_caves

Skill      XL: |  1  2  3  4  5  6  7  8  9 10 11 12 |
---------------+-------------------------------------+-----
Fighting       | 4 5 6 7 8 10 11 12 | 12.7
Armour         | 4 5 6 7 8 9 11 12 | 12.5
Polearms       | 3 4 6 8 10 12 14 16 | 16.3
Shields        | 4 5 6 7 8 9 11 12 | 12.6
Maces & Flails | 1 2 3 |  3.7

Action                   |  1- 3 |  4- 6 |  7- 9 | 10-12 | 13-15 || total
-------------------------+-------+-------+-------+-------+-------++-------
Melee: Trident           |    65 |       |       |       |       ||    65
       Headbutt          |     6 |    18 |    11 |    39 |     2 ||    76
       Mace              |     5 |    89 |       |       |       ||    94
       Demon trident     |       |    27 |   151 |   400 |    22 ||   600
  Use: Scroll            |       |     2 |    11 |     6 |       ||    19
       Potion            |       |     2 |     4 |     2 |       ||     8
 Stab: Invisible         |       |       |     1 |       |       ||     1
Armor: Scale mail        |    14 |    38 |    20 |    35 |     1 ||   108
Dodge: Dodged            |    21 |    36 |    27 |    43 |     3 ||   130
       Repelled          |       |       |     2 |     2 |       ||     4
Block: Buckler           |    14 |    26 |    46 |    31 |     4 ||   121
       Reflection        |       |     1 |     6 |     1 |       ||     8

Table legend: (Time is in decaauts)
 A = Elapsed time spent in this place.
 B = Non-inter-level travel time spent in this place.
 C = Inter-level travel time spent in this place.
 D = Time resting spent in this place.
 E = Time spent auto-exploring this place.
 F = Levels seen in this place.
 G = Mean time per level.
                   A        B        C        D        E       F      G
               +--------+--------+--------+--------+--------+-----+--------+
         Total |   8840 |   8620 |    220 |    451 |   6706 |  14 |  631.4 |
       Dungeon |   8838 |   8618 |    220 |    451 |   6706 |  13 |  679.8 |
  Orcish Mines |      1 |      1 |      0 |      0 |      0 |   1 |    1.0 |
               +--------+--------+--------+--------+--------+-----+--------+

Top non-repeatable levels by time:
     D:7: 1236 daAuts
    D:10: 1010 daAuts
     D:2: 829 daAuts
     D:5: 824 daAuts
     D:9: 733 daAuts
     D:4: 674 daAuts
     D:6: 650 daAuts
     D:1: 635 daAuts
    D:12: 569 daAuts
    D:11: 523 daAuts
     D:8: 431 daAuts
     D:3: 390 daAuts
    D:13: 328 daAuts
   Orc:1: 1 daAuts
